Unix NetHack Version 3.7.0-94 Work-in-progress - last build Dec 18 2023 11:09:46 (7e3deff068b9ef4f2ebb9a71ea0f5c4a3b578a14,branch:master). Game began 2023-12-20 18:45:09, ended 2023-12-20 19:20:51. madelotsofspaget, chaotic female human Monk ------- --...|..| --.......| |.......-- ---- --......-- .-- --..--- ----...)---- -.-- |.....----- |...)...----..--|..--.).).... -----..........--.- -----.%-- ----%.........|---.%..).(| ... ....)..%...-- |....[....| --..... ----..>.- |......`..---....... |..... --................... --.- ---..|...............Z --......-.......@Z |................e ............<.-- -.|. ...-- -..- Madelotsofspaget the Initiate St:17 Dx:11 Co:12 In:10 Wi:13 Ch:13 Chaotic S:4020 Dlvl:7 $:332 HP:0(45) Pw:35(35) AC:4 Xp:6/545 T:2252 Latest messages: The gnome hits! You kill the gnome! t - a magic marker. u - a scroll labeled FOOBIE BLETCH. w - a blue gem. You see here a large box. You feel yourself slow down a bit. In what direction? . There is a large box here. Check it for traps? [ynq] (q) y You find no traps on the large box. In what direction? . Hmmm, the large box turns out to be locked. In what direction? l You kick a locked large box. THUD! In what direction? l You kick a locked large box. THUD! In what direction? l You kick a locked large box. THUD! You break open the lock! You see here a broken large box. In what direction? . S - a scroll labeled PHOL ENDE WODAN (2 in total). With great effort you move the boulder. With great effort you move the boulder. You hit the floating eye! You are frozen by the floating eye's gaze! The orc zombie hits! The orc zombie hits! The orc zombie hits! The orc zombie hits! The orc zombie hits! The orc zombie hits! The orc zombie hits! The orc zombie hits! The orc zombie hits! The orc zombie hits! The orc zombie hits! The orc zombie hits! The orc zombie hits! The orc zombie hits! The orc zombie hits! You die... Do you want your possessions identified? [ynq] (y) y Do you want to see your attributes? [ynq] (y) y Do you want an account of creatures vanquished? [ynaq] (y) y Do you want to see your conduct and achievements? [ynq] (y) y Do you want to see the dungeon overview? [ynq] (y) y Inventory: Coins $ - 332 gold pieces Weapons M - 9 blessed +2 arrows J - 25 +0 arrows O - 11 +0 darts V - a blessed +1 dagger E - a blessed +0 dagger I - 2 +0 daggers p - a blessed +0 orcish dagger m - 2 +0 orcish daggers o - a blessed +1 orcish short sword Armor n - an uncursed +0 orcish helm q - an uncursed +0 orcish helm a - an uncursed +2 pair of leather gloves (being worn) x - an uncursed +0 pair of kicking boots h - an uncursed +0 dwarvish cloak k - an uncursed +0 dwarvish cloak K - an uncursed +0 dwarvish cloak X - an uncursed +0 dwarvish cloak Z - an uncursed +0 dwarvish cloak F - a cursed -1 dwarvish cloak b - an uncursed +1 robe (being worn) Comestibles g - 7 uncursed apples v - an uncursed cram ration f - 7 uncursed food rations i - 3 uncursed fortune cookies N - 2 uncursed tins of spinach Scrolls l - an uncursed scroll of earth R - an uncursed scroll of enchant armor S - 2 uncursed scrolls of enchant weapon u - an uncursed scroll of fire r - a cursed scroll of fire H - a cursed scroll of punishment d - a blessed scroll of teleportation Spellbooks c - a blessed spellbook of confuse monster Potions y - an uncursed potion of confusion s - a blessed potion of healing Wands e - a wand of striking (0:6) Tools t - a magic marker (0:67) j - a magic marker (0:21) U - an uncursed stethoscope G - an uncursed partly used tallow candle Gems/Stones W - an uncursed emerald B - an uncursed jasper stone L - an uncursed ruby P - an uncursed sapphire T - an uncursed topaz stone w - an uncursed worthless piece of blue glass z - 2 uncursed worthless pieces of green glass Y - an uncursed worthless piece of red glass A - 4 uncursed worthless pieces of violet glass C - 2 uncursed worthless pieces of white glass D - 5 uncursed worthless pieces of yellow glass Madelotsofspaget the Monk's attributes: Background: You were an Initiate, a level 6 female human Monk. You were chaotic, on a mission for Huan Ti who was opposed by Shan Lai Ching (lawful) and Chih Sung-tzu (neutral). You were right-handed. You were in the Gnomish Mines, on level 7. You entered the dungeon 2252 turns ago. You had 545 experience points, 95 more were needed to attain level 7. Your score was 4020 before end-of-game adjustments. Basics: You had 0 out of 45 hit points. You had all 35 energy points (spell power). Your armor class was 4. Your wallet contained 332 zorkmids. Autopickup was off. Final Characteristics: Your strength was 17 (limit:18/100). Your dexterity was 11 (limit:18). Your constitution was 12 (limit:18). Your intelligence was 10 (limit:18). Your wisdom was 13 (limit:18). Your charisma was 13 (limit:18). Final Status: You weren't hungry. You were unencumbered. You were empty handed. You were skilled in martial arts. Final Attributes: You were piously aligned. You were sleep resistant. You were poison resistant. You saw invisible. You were stealthy. You were guarded. You were fast. You are dead. Miscellaneous: You never encountered a bones level. Total elapsed playing time was 35 minutes and 41 seconds. Major events: Turn 1: madelotsofspaget the chaotic female human Monk entered the dungeon 761: attained the rank of Novice (level 3) 914: entered the Gnomish Mines 1367: attained the rank of Initiate (level 6) 2252: killed by an orc zombie, while frozen by a floating eye's gaze Vanquished creatures: a panther a leprechaun a giant spider a gnome ruler 2 jaguars a blue jelly a water moccasin a fog cloud a yellow light 4 gnome leaders a gnomish wizard 5 elf zombies a giant ant a kitten 9 dwarves a werejackal an acid blob a hobbit a large kobold a hobgoblin a brown mold 30 gnomes 2 geckos 4 jackals 3 goblins a grid bug 6 lichens 2 newts 85 creatures vanquished. No species were genocided or became extinct. Voluntary challenges: You followed a strict vegan diet. You never hit with a wielded weapon. You read items or engraved 18 times. You never engraved Elbereth. You never genocided any monsters. You never polymorphed an object. You never changed form. You used no wishes. Achievements: You attained the rank of Novice. You entered the Gnomish Mines. You attained the rank of Initiate. The Dungeons of Doom: levels 1 to 3 Level 1: Level 2: A fountain, a sink. Level 3: "2dwn" Stairs down to The Gnomish Mines. The Gnomish Mines: levels 4 to 9 Level 4: Level 5: Level 7: <- You were here. Final resting place for you, killed by an orc zombie, while frozen by a floating eye's gaze. Level 8: Level 9: Game over: ---------- / \ / REST \ / IN \ / PEACE \ / \ | madelotsofspaget | | 332 Au | | killed by an orc | | zombie | | | | | | 2023 | *| * * * | * _________)/\\_//(\/(/\)/\//\/|_)_______ Goodbye madelotsofspaget the Monk... You died in The Gnomish Mines on dungeon level 7 with 3987 points, and 332 pieces of gold, after 2252 moves. You were level 6 with a maximum of 45 hit points when you died.